 Dungeon Crawl Stone Soup version 0.28-a0-1387-g3a22ab9bdc (webtiles) character file.

Game seed: 145299067669207626

3185 gimp the Spear-Bearer (level 10, -2/67 HPs)
             Began as a Djinni Wanderer on Jan 2, 2022.
             Was an Initiate of Gozag.
             Slain by a basilisk (9 damage)
             ... while petrified by a basilisk
             ... on level 9 of the Dungeon.
             The game lasted 00:15:08 (10379 turns).

gimp the Spear-Bearer (Djinni Wanderer)            Turns: 10379, Time: 00:15:09

Health: -2/67      AC:  0    Str: 16    XL:     10   Next: 16%
Gold:   298        EV:  5    Int: 15    God:    Gozag SH:  0 Dex: 16

rFire   . . .      SeeInvis .   (weapon currently unavailable)
rCold   . . .      Faith    .   (shield currently unavailable)
rNeg    + + +      Spirit   .   (armour currently unavailable)
rPois   ∞          Reflect  .   (helmet currently unavailable)
rElec   .          Harm     .   (cloak currently unavailable)
rCorr   .          Rampage  .   (gloves currently unavailable)
Will    +....                   (boots unavailable)
Stlth   ++........              (no amulet)
HPRegen 0.21/turn               (ring currently unavailable)
MPRegen 0.00/turn               (ring currently unavailable)

@: bat-form, petrified, gold aura, flying, very quick
A: fast, flying, no casting, sickness immunity, tiny, (fire resistance 2), (cold
vulnerability 1), float, innate caster, hp casting, extra vitality 1
a: Renounce Religion, Potion Petition, Call Merchant, Bribe Branch


You were on level 9 of the Dungeon.
You worshipped Gozag.
Gozag was aware of your devotion.
You were a bat.
You visited 2 branches of the dungeon, and saw 10 of its levels.
You also visited: Sewer.

You collected 423 gold pieces.
You paid 125 gold pieces to Gozag.

Inventory:

Hand Weapons
 a - a +2 spear
 b - the +7 glaive of Disarray (melded) {protect, rElec rC+ Str-4}
   (You found it on level 7 of the Dungeon)

   It grants its wielder temporary protection when it strikes (+7 to AC).
   Str:       It affects your strength (-4).
   rC:        It protects you from cold.
   rElec:     It insulates you from electricity.
 k - the +6 dagger "Globulus" {venom, *Noise Str+5}
   (You found it on level 5 of the Dungeon)

   It poisons the flesh of those it strikes.
   Str:       It affects your strength (+5).
   *Noise:    It may make noises in combat.
 B - a +1 spear of freezing
Missiles
 A - 17 poisoned darts (quivered)
Armour
 h - a +1 chain mail (melded)
 v - a +0 pair of gloves (melded)
 y - a +0 cloak (melded)
Jewellery
 d - a ring of positive energy (melded)
 e - a ring of see invisible (melded)
 g - an amulet of faith
Wands
 t - a wand of iceblast (17)
 u - a wand of flame (7)
Scrolls
 c - 2 scrolls of fear
 i - 3 scrolls of enchant armour
 j - a scroll of silence
 s - a scroll of holy word {unknown}
 x - a scroll of blinking {unknown}
 C - a scroll of enchant weapon {unknown}
 D - a scroll of vulnerability {unknown}
Potions
 f - 4 potions of haste
 l - 2 potions of resistance
 m - 2 potions of attraction {unknown}
 n - 4 potions of curing
 o - 2 potions of ambrosia {unknown}
 p - 4 potions of heal wounds
 q - a potion of mutation {unknown}
 r - 2 potions of brilliance {unknown}
 w - a potion of magic {unknown}
 z - a potion of lignification {unknown}


   Skills:
 - Level 3.0 Fighting
 * Level 8.8 Polearms
 - Level 1.5 Bows
 + Level 2.2 Throwing
 - Level 6.0 Armour
 - Level 6.0 Dodging
 - Level 1.0 Stealth
 + Level 2.7 Evocations


You couldn't memorise any spells.
You knew the following spells:

 Your Spells              Type           Power      Damage    Failure   Level
a - Beastly Appendage     Tmut           0%         N/A       26%         1
b - Ensorcelled Hibernat  Hex/Ice        0%         N/A       38%         2
c - Portal Projectile     Hex/Tloc       0%         N/A       63%         3
d - Stone Arrow           Conj/Erth      0%         3d7       63%         3
Your spell library was empty.

Dungeon Overview and Level Annotations

Branches:
Dungeon (9/15)             Temple (1/1) D:4            Lair (0/6) D:9
  Sewer (visited)
    Orc: D:9-12

Altars:
Ashenzari
Dithmenos
Elyvilon
Fedhas
Gozag
Hepliaklqana
Kikubaaqudgha
Makhleb
Nemelex Xobeh
Okawaru
Qazlal
Ru
Sif Muna
Trog
Uskayaw
Vehumet
Wu Jian
Xom
Yredelemnul
Zin
The Shining One

Shops:
D:4 :

Annotations:
D:3 Grinder


Innate Abilities, Weirdness & Mutations

You are a bat.
You are tiny and dextrous.
You move quickly.
You are flying.
Your equipment is almost entirely melded.
You are incapable of wielding weapons or throwing items.
You cannot cast spells.
You are immune to sickness and miasma.
You are immune to poison.
((Your flesh is very heat resistant. (rF++)))
((You are vulnerable to cold. (rC-)))
You float through the air rather than walking.
You learn spells naturally, not from books.
Your magical power is your life essence.
You have superior vitality. (+4 MHP)


Message History

You hit the basilisk but do no damage. The basilisk gazes at you.
You are slowing down.
Unknown command.
You hear a zap.
Something tries to affect you, but you resist.
The basilisk gazes at you.
Your limbs have turned to stone.
You have turned to stone.
The basilisk completely misses you.
You hear a zap.
Something tries to affect you, but you resist.
The now-empty wand crumbles to dust.
The basilisk bites you! The orc wizard barely misses you. Something hits you.
The basilisk gazes at you.
You easily resist.
The orc wizard hits you with a +2 dagger of speed.
Something hits you.
The basilisk is distracted by your dazzling golden aura.
The orc wizard hits you with a +2 dagger of speed.
The basilisk hisses angrily.
The orc wizard hits you with a +2 dagger of speed.
Something hits you.
The orc wizard hits you with a +2 dagger of speed.
The basilisk is no longer distracted by gold.
Something hits you.
The orc wizard gestures at you while chanting.
The magic dart hits you!
* * * LOW HITPOINT WARNING * * *
The basilisk bites you!
* * * LOW HITPOINT WARNING * * *
Something hits you.
* * * LOW HITPOINT WARNING * * *
The orc wizard barely misses you. The basilisk completely misses you.
The orc wizard hits you with a +2 dagger of speed!
* * * LOW HITPOINT WARNING * * *
Something hits you.
* * * LOW HITPOINT WARNING * * *
The basilisk bites you!!
You die...
Your body crumbles into a pile of gold.

#...Yl..# #...
#...o...# #...
#.####..# #... #$#
#..# #... #.#
#..########...
#.####[............
#$.................
#lo................
#{b................
#..................
#..................
#..................
#>.................
#..................
#..................
#..................
#.....(............


You could see a basilisk and an orc wizard.

Vanquished Creatures
  An elephant (D:9)
  2 yaks
  A basilisk (D:9)
  2 water moccasins
  An orc warrior (D:8)
  Duvessa (D:4)
  A centaur (D:7)
  2 phantoms
  2 kobold brigands
  4 bullfrogs
  2 scorpions
  A wyvern skeleton (D:5)
  Dowan (D:4)
  4 killer bees (D:8)
  6 wights (D:8)
  3 howler monkeys
  An orc priest (D:8)
  A jelly (D:5)
  A bullfrog skeleton (D:5)
  A centaur skeleton (D:5)
  2 hounds (D:6)
  Jessica (D:2)
  4 orc wizards
  3 hound skeletons
  11 adders
  A howler monkey skeleton (D:7)
  7 river rats (Sewer)
  2 shadow imps
  A white imp (D:8)
  A worm (D:2)
  2 dart slugs
  17 orcs
  7 ball pythons
  A bat (D:1)
  6 endoplasms
  6 giant cockroaches
  4 goblins
  6 hobgoblins
  4 jackals (D:4)
  8 quokkas
  3 frilled lizards
  22 kobolds
  27 rats
184 creatures vanquished.

Notes
Turn   | Place    | Note
-------+----------+-------------------------------------------
     0 | D:1      | gimp the Djinni Wanderer began the quest for the Orb.
     0 | D:1      | Reached XP level 1. HP: 17/17 MP: 0/0
   147 | D:1      | Reached XP level 2. HP: 22/22 MP: 0/0
   779 | D:2      | Reached XP level 3. HP: 22/28 MP: 0/0
   779 | D:2      | Learned a level 1 spell: Beastly Appendage
  1209 | D:2      | Found a blossoming altar of Fedhas.
  1254 | D:2      | Noticed Jessica
  1266 | D:2      | Killed Jessica
  1267 | D:2      | Reached skill level 4 in Polearms
  1267 | D:2      | Reached XP level 4. HP: 26/34 MP: 0/0
  1987 | D:3      | Reached XP level 5. HP: 31/40 MP: 0/0
  1987 | D:3      | Learned a level 2 spell: Ensorcelled Hibernation
  2078 | D:3      | Noticed Grinder
  2181 | D:4      | Noticed Duvessa
  2181 | D:4      | Noticed Dowan
  2201 | D:5      | Entered Level 5 of the Dungeon
  2357 | D:5      | Reached XP level 6. HP: 10/46 MP: 0/0
  2861 | D:5      | Noticed a water moccasin
  2862 | D:5      | Identified the +6 dagger "Globulus" {venom, *Noise Str+5}
  2875 | D:5      | Killed a water moccasin
  2876 | D:5      | Reached skill level 5 in Polearms
  2876 | D:5      | Reached XP level 7. HP: 33/50 MP: 0/0
  2876 | D:5      | Learned a level 3 spell: Portal Projectile
  3813 | D:6      | Found a glowing drain.
  4006 | Sewer    | Entered a sewer
  4282 | Sewer    | Reached skill level 5 in Armour
  4384 | Sewer    | Reached XP level 8. HP: 14/56 MP: 0/0
  4722 | Sewer    | Reached skill level 6 in Polearms
  6541 | D:7      | Reached skill level 1 in Dodging
  6765 | D:7      | Identified the +7 glaive of Disarray {protect, rElec rC+
                  | Str-4}
  7037 | D:8      | Reached skill level 7 in Polearms
  7172 | D:8      | Reached XP level 9. HP: 52/60 MP: 0/0
  7172 | D:8      | Learned a level 3 spell: Stone Arrow
  8049 | D:8      | Reached skill level 5 in Dodging
  9026 | D:4      | Found Zaecituh's Book Boutique.
  9275 | D:4      | Killed Duvessa
  9276 | D:4      | Reached skill level 8 in Polearms
  9295 | D:4      | Killed Dowan
  9524 | D:4      | Found a staircase to the Ecumenical Temple.
  9533 | Temple   | Entered the Ecumenical Temple
  9641 | Temple   | Became a worshipper of Gozag Ym Sagoz the Greedy
 10085 | D:9      | Noticed a two-headed ogre
 10107 | D:8      | Reached skill level 1 in Throwing
 10107 | D:8      | Reached skill level 1 in Evocations
 10330 | D:9      | Found a staircase to the Lair.
 10330 | D:9      | Noticed an elephant
 10355 | D:9      | Reached XP level 10. HP: 59/67 MP: 0/0
 10365 | D:9      | Killed an elephant
 10379 | D:9      | Slain by a basilisk

Illustrated notes

Levels and vault maps discovered:
D:1:      lemuel_arrival_river_bridge, layout_rooms, minmay_indecisive_spiral
D:2:      layout_basic, basic_altar, kennysheep_jessica_study
D:3:      layout_rooms, uniq_crazy_yiuf_cottage, uniq_sigmund, uniq_grinder
D:4:      layout_basic, minmay_temple_entry_enclosed_plants, serial_shops,
          kennysheep_mini, uniq_duvessa
D:5:      layout_cave_pools
D:6:      layout_loops_ring, gup_sewer_entry_pipe, serial_rivers,
          chequers_serial_rivers_micro_c, chequers_serial_rivers_micro_b,
          chequers_serial_rivers_micro_a, chequers_serial_rivers_micro_e
D:7:      layout_rooms, minmay_misc_feat_chi, small_statue_intersection
D:8:      layout_basic
D:9:      minmay_imperfect_grid, layout_small_grid, david_lair_generic,
          minmay_diced_spiral
Temple:   kilobyte_greek_temple

Skill      XL: |  1  2  3  4  5  6  7  8  9 10 |
---------------+-------------------------------+-----
Fighting       | 2 3 |  3.0
Polearms       | 4 5 7 8 |  8.8
Armour         | 3 4 5 6 |  6.0
Dodging        | 3 6 |  6.0
Throwing       | 1 2 |  2.2
Evocations     | 1 2 |  2.7
Bows           | |  1.5
Stealth        | |  1.0

Action                   |  1- 3 |  4- 6 |  7- 9 | 10-12 || total
-------------------------+-------+-------+-------+-------++-------
Melee: Spear             |   113 |   148 |   461 |       ||   722
       Dagger            |       |     6 |    18 |       ||    24
       Glaive            |       |       |   190 |    11 ||   201
       Unarmed           |       |       |       |     4 ||     4
Throw: Dart              |       |       |     3 |       ||     3
  Use: Scroll            |       |     1 |    11 |       ||    12
       Potion            |       |       |     2 |       ||     2
Armor: Ring mail         |     3 |       |       |       ||     3
       Chain mail        |    33 |    79 |   419 |     6 ||   537
Dodge: Dodged            |    19 |    29 |   183 |    10 ||   241

Table legend: (Time is in decaauts)
 A = Elapsed time spent in this place.
 B = Non-inter-level travel time spent in this place.
 C = Inter-level travel time spent in this place.
 D = Time resting spent in this place.
 E = Time spent auto-exploring this place.
 F = Levels seen in this place.
 G = Mean time per level.
                   A        B        C        D        E       F      G
               +--------+--------+--------+--------+--------+-----+--------+
         Total |  10326 |   9846 |    480 |    456 |   7554 |  11 |  938.7 |
       Dungeon |   8830 |   8383 |    447 |    456 |   6445 |   9 |  981.1 |
        Temple |    142 |    109 |     33 |      0 |     97 |   1 |  142.0 |
         Sewer |   1353 |   1353 |      0 |      0 |   1012 |   1 | 1353.0 |
               +--------+--------+--------+--------+--------+-----+--------+

Top non-repeatable levels by time:
     D:8: 1951 daAuts
     D:5: 1391 daAuts
   Sewer: 1353 daAuts
     D:6: 1307 daAuts
     D:4: 1095 daAuts
     D:2: 963 daAuts
     D:7: 864 daAuts
     D:1: 744 daAuts
     D:3: 361 daAuts
     D:9: 150 daAuts
  Temple: 142 daAuts
